 Dungeon Crawl Stone Soup version 0.19.1-1-g22dce08 (webtiles) character file.

161 Jannitor the Magician (level 4, -3/33 HPs)
             Began as a Demigod Wanderer on Jan 10, 2017.
             Slain by an orc
             ... wielding a cursed -1 hand axe
              (4 damage)
             ... on level 3 of the Dungeon.
             The game lasted 00:11:50 (3775 turns).

Jannitor the Magician (Demigod Wanderer)            Turns: 3775, Time: 00:11:51

Health: -3/33      AC:  3    Str: 14 (15) XL:     4   Next: 97%
Magic:  1/12       EV: 11    Int: 21      God:
Gold:   105        SH:  0    Dex: 12      Spells: 3 memorised, 4 levels left

rFire  . . .     SeeInvis .     j - +1 dagger
rCold  . . .     Gourm    .     d - +0 robe
rNeg   . . .     Faith    .     (no shield)
rPois  .         Spirit   .     r - +0 helmet
rElec  .         Reflect  .     (no cloak)
rCorr  .         Harm     .     (no gloves)
MR     .....                    (no boots)
Stlth  ++........               (no amulet)
                                (no ring)
                                (no ring)

@: no status effects
A: high mp 1
a: no special abilities


You were on level 3 of the Dungeon.
You were not hungry.

You visited 1 branch of the dungeon, and saw 3 of its levels.

You collected 105 gold pieces.

Inventory:

Hand Weapons
 e - a +0 club
 j - a +1 dagger (weapon)
Armour
 d - a +0 robe (worn)
 r - a +0 helmet (worn)
Scrolls
 h - a scroll of identify
 k - a scroll of remove curse {unknown}
 p - 2 scrolls of amnesia {unknown}
 q - a scroll of immolation
Potions
 m - a potion of lignification {unknown}
 n - a potion of haste {unknown}
Books
 a - a book of Frost

   Spells                             Type                      Level
   a - Freeze                         Ice                          1
   b - Throw Frost                    Conjuration/Ice              2
   c - Ozocubu's Armour               Charms/Ice                   3
   d - Throw Icicle                   Conjuration/Ice              4
   e - Summon Ice Beast               Ice/Summoning                4
 b - Vaphech's Papyrus of Necromancy

   Spells                             Type                      Level
   a - Animate Skeleton               Necromancy                   1
   b - Vampiric Draining              Necromancy                   3
 c - the Tome of the Learner

   Spells                             Type                      Level
   a - Repel Missiles                 Charms/Air                   2
   b - Swiftness                      Charms/Air                   2
Comestibles
 f - 3 bread rations
 l - 2 meat rations
 o - 6 chunks of flesh


   Skills:
 - Level 1.0 Stealth
 + Level 3.4 Spellcasting
 - Level 1.7 Charms
   Level 1.7 Translocations
 + Level 3.3 Ice Magic
   Level 1.0 Air Magic
   Level 1.0 Evocations


You had 4 spell levels left.
You knew the following spells:

 Your Spells              Type           Power        Failure   Level  Hunger
a - Freeze                Ice            ###.         3%          1    None
b - Animate Skeleton      Necr           N/A          14%         1    None
c - Ozocubu's Armour      Chrm/Ice       ##......     17%         3    ###....


Dungeon Overview and Level Annotations

Branches:
Dungeon (3/15)

Annotations:
D:3 BoredOne's ghost, amateur CeHu


Innate Abilities, Weirdness & Mutations

You have an increased reservoir of magic. (+10% MP)


Message History

You freeze Ijyb.
You kill Ijyb!
You feel your intelligence returning. The giant cockroach closely misses you.
Unknown command.
The orc hits you with a hand axe!
* * * LOW HITPOINT WARNING * * *
The goblin unwields an uncursed hunting sling.
The goblin wields an uncursed club.
The goblin hits you but does no damage.
The goblin hits you with an uncursed club.
* * * LOW HITPOINT WARNING * * *
Some of the chunks of flesh in your inventory have rotted away.
Unknown command.
Unknown command.
The goblin unwields an uncursed club.
The goblin wields an uncursed hunting sling.
The goblin shoots a stone.
The stone hits you.
* * * LOW HITPOINT WARNING * * *
The orc hits you with a hand axe.
You die...

+....... .<... #....... #.#.#
#....... #.#'### #....... #.....#
#....... #.....# #..)...[ ###
#####.....### #....... #..
.............# #####...
#####.##....####@....#########...
....... ........o.g(........ZZZ..
.####.# ....####s..))#########...
.# #.# W #..).(#########... .#
#.# #.....(((....Z....
#####.##### ##...(###.........
#.........# ###### #.........
#.........# #.........
#.........# #.......##


You could see an orc, a giant cockroach and a goblin.

Vanquished Creatures
  An orc wizard (D:2)
  Ijyb (D:3)
  Robin (D:2)
  An adder (D:2)
  A dart slug (D:2)
  2 leopard geckos
  4 orcs
  A ball python (D:1)
  6 bats
  19 goblins
  7 hobgoblins
  11 jackals
  2 kobolds
  A quokka (D:2)
  9 frilled lizards
  7 rats
74 creatures vanquished.

Vanquished Creatures (collateral kills)
  A hobgoblin (D:2)
  A frilled lizard (D:3)
2 creatures vanquished.

Grand Total: 76 creatures vanquished

Notes
Turn   | Place    | Note
-------+----------+-------------------------------------------
     0 | D:1      | Jannitor the Demigod Wanderer began the quest for the Orb.
     0 | D:1      | Jannitor set off with: a book of Frost, Vaphech's Papyrus of Necromancy, the Tome of the Learner, a +0 robe, a +0 club, a bread ration
     0 | D:1      | Reached XP level 1. HP: 14/14 MP: 5/5
     0 | D:1      | Identified Vaphech's Papyrus of Necromancy
     0 | D:1      | Identified the Tome of the Learner
     2 | D:1      | Learned a level 1 spell: Freeze
   656 | D:1      | Reached XP level 2. HP: 18/20 MP: 1/7
  1439 | D:2      | Reached XP level 3. HP: 3/26 MP: 5/9
  1795 | D:2      | Found a faded altar of an unknown god.
  1954 | D:2      | Found a sparkling altar of Nemelex Xobeh.
  2097 | D:2      | Found a radiant altar of Vehumet.
  2195 | D:2      | Learned a level 1 spell: Animate Skeleton
  2381 | D:2      | Reached XP level 4. HP: 20/33 MP: 6/11
  3176 | D:3      | Noticed Robin
  3327 | D:2      | Killed Robin
  3459 | D:3      | Noticed BoredOne's ghost (amateur CeHu)
  3662 | D:3      | Learned a level 3 spell: Ozocubu's Armour
  3751 | D:3      | Noticed Ijyb
  3769 | D:3      | Killed Ijyb
  3775 | D:3      | HP: 1/33 [goblin/stone (4)]
  3775 | D:3      | Slain by an orc

Skill      XL: |  1  2  3  4 |
---------------+-------------+-----
Spellcasting   | 2 3 |  3.4
Ice Magic      | 2 3 |  3.3
Stealth        | |  1.0
Charms         | |  1.7
Translocations | |  1.7
Air Magic      | |  1.0
Evocations     | |  1.0

Action                   |  1- 3 |  4- 6 || total
-------------------------+-------+-------++-------
Melee: Dagger            |    29 |    24 ||    53
 Cast: Freeze            |    62 |    48 ||   110
       Animate Skeleton  |     4 |    17 ||    21
  Use: Potion            |     4 |       ||     4
       Scroll            |       |     3 ||     3
 Stab: Sleeping          |       |     2 ||     2
  Eat: Chunk             |     5 |     4 ||     9
Armor: Robe              |    16 |    24 ||    40
Dodge: Dodged            |    73 |    67 ||   140
